 Dungeon Crawl Stone Soup version 0.22-a0-322-g60b3cfd (webtiles) character file.

417 sankara the Ruffian (level 6, -2/52 HPs)
             Began as a Ghoul Monk on Apr 2, 2018.
             Was a Priest of Okawaru.
             Slain by grizmgrazm2's ghost (12 damage)
             ... on level 4 of the Dungeon.
             The game lasted 00:11:06 (2501 turns).

sankara the Ruffian (Ghoul Monk)                    Turns: 2501, Time: 00:11:07

Health: -2/52      AC:  9    Str: 15    XL:     6   Next: 92%
Magic:  4/5        EV:  9    Int:  7    God:    Okawaru [***...]
Gold:   125        SH:  0    Dex: 11    Spells: 5/5 levels left

rFire    . . .     SeeInvis .     - Unarmed
rCold    + . .     Gourm    .   (no shield)
rNeg     + + +     Faith    .   i - +0 scale mail
rPois    ∞         Spirit   .   h - +0 helmet
rElec    .         Reflect  .   (no cloak)
rCorr    .         Harm     .   g - +1 pair of gloves
MR       .....                  (no boots)
Stlth    ..........             (no amulet)
HPRegen  0.00/turn              (no ring)
MPRegen  0.09/turn              (no ring)

@: rotting, drained
A: rotting body, claws 1, carnivore, cold resistance 1, negative energy
resistance 3, inhibited regeneration, torment resistance, unbreathing
a: Heroism, Renounce Religion


You were on level 4 of the Dungeon.
You worshipped Okawaru.
Okawaru was most pleased with you.
You were not hungry.

You visited 1 branch of the dungeon, and saw 4 of its levels.

You collected 125 gold pieces.

Inventory:

Hand Weapons
 b - a +0 hunting sling
   (You took it off a goblin on level 2 of the Dungeon)
Missiles
 e - 69 stones (quivered)
 s - 46 sling bullets
Armour
 g - a +1 pair of gloves (worn)
   (You found it on level 2 of the Dungeon)
 h - a +0 helmet (worn)
   (You found it on level 2 of the Dungeon)
 i - a +0 scale mail (worn)
   (You took it off a hobgoblin on level 2 of the Dungeon)
Wands
 q - a wand of disintegration (16)
   (You found it on level 3 of the Dungeon)
Scrolls
 a - 2 scrolls of identify {unknown}
 c - a scroll of fear {unknown}
 f - a scroll of enchant weapon {unknown}
 j - a scroll of fog {unknown}
 m - a scroll of blinking {unknown}
 n - 2 scrolls of remove curse
 o - a scroll of amnesia {unknown}
Potions
 d - a potion of heal wounds {unknown}
 p - a potion of flight {unknown}
 r - a potion of might {unknown}
 t - a potion of curing {unknown}
Comestibles
 k - 7 rations


   Skills:
 - Level 4.1(3.1) Fighting
 - Level 2.0(1.0) Armour
 - Level 2.6(1.7) Dodging
 - Level 3.0(2.0) Stealth
 + Level 7.1(6.0) Unarmed Combat


You had 5 spell levels left.
You didn't know any spells.

Dungeon Overview and Level Annotations

Branches:
Dungeon (4/15)
 Temple: D:4-7

Altars:
Gozag
Okawaru
Ru
Sif Muna

Annotations:
D:2 Sigmund
D:4 grizmgrazm2's ghost, weakling MiFi


Innate Abilities, Weirdness & Mutations

Your body is rotting away.
You thrive on raw meat.
You are immune to poison.
You have sharp fingernails.
You are carnivorous and can eat meat at any time.
Your flesh is cold resistant. (rC+)
You are immune to negative energy. (rN+++)
You do not regenerate when monsters are visible.
You are immune to unholy pain and torment.
You can survive without breathing.


Message History

Your base Unarmed Combat skill increases to level 7!
You see here a scorpion corpse.
You butcher the scorpion corpse.
l - 3 chunks of flesh {@w0} Eating one of 3 chunks of flesh {@w0}.
You eat one of the 3 chunks of flesh {@w0}.
This raw flesh tastes great!
Eating one of 2 chunks of flesh {@w0}.
You eat one of the 2 chunks of flesh {@w0}.
This raw flesh tastes great!
Eating a chunk of flesh {@w0}.
You eat the chunk of flesh {@w0}.
This raw flesh tastes great!
Okay, then.
k - 7 rations (gained 1)
A frilled lizard comes into view.
A scorpion comes into view.
The frilled lizard bites you but does no damage.
You hit the frilled lizard.
You kill the frilled lizard!
Grizmgrazm2's ghost (weakling Minotaur Fighter) comes into view.
Grizmgrazm2's ghost turns its malevolent gaze towards you.
You see here a frilled lizard corpse.
You hit the scorpion but do no damage.
The scorpion stings you but does no damage.
You hit the scorpion but do no damage. The scorpion misses you.
You barely miss the scorpion. The scorpion stings you.
You hit the scorpion but do no damage. The scorpion barely misses you.
You see here a frilled lizard corpse.
You butcher the frilled lizard corpse.
Grizmgrazm2's ghost hits you! The scorpion stings you.
You see here a chunk of flesh {@w0}.
Eat a chunk of flesh {@w0}? (ye/n/q)
You eat the chunk of flesh {@w0}.
This raw flesh tastes great!
Grizmgrazm2's ghost barely misses you. The scorpion stings you.
Okay, then.
Grizmgrazm2's ghost says, "You can hit me, but you can't hurt me."
Grizmgrazm2's ghost makes a sound of rattling chains.
There is a stone staircase leading up here.
Grizmgrazm2's ghost barely misses you.
You climb upwards.
There is a stone staircase leading down here.
You start resting.
HP restored.
You gain the combat prowess of a mighty hero.
You climb downwards.
Level annotation: grizmgrazm2's ghost, weakling MiFi
There is a stone staircase leading up here.
You hit grizmgrazm2's ghost but do no damage.
Grizmgrazm2's ghost completely misses you.
You hit grizmgrazm2's ghost but do no damage.
Grizmgrazm2's ghost hits you but does no damage.
You hit grizmgrazm2's ghost.
Grizmgrazm2's ghost is lightly damaged.
Grizmgrazm2's ghost barely misses you.
You punch grizmgrazm2's ghost!
Grizmgrazm2's ghost is moderately damaged.
Grizmgrazm2's ghost hits you!
You punch grizmgrazm2's ghost!
Grizmgrazm2's ghost is severely damaged.
You hit grizmgrazm2's ghost.
Grizmgrazm2's ghost is severely damaged.
Grizmgrazm2's ghost hits you.
You hit grizmgrazm2's ghost.
Grizmgrazm2's ghost is almost destroyed.
Grizmgrazm2's ghost hits you.
You are too injured to fight recklessly!
You are too injured to fight recklessly!
You are too injured to fight recklessly!
You hit grizmgrazm2's ghost but do no damage.
Grizmgrazm2's ghost is almost destroyed.
Grizmgrazm2's ghost hits you.
You hit grizmgrazm2's ghost.
Grizmgrazm2's ghost is almost destroyed.
You feel like a meek peon again. Grizmgrazm2's ghost hits you.
You hit grizmgrazm2's ghost but do no damage.
Grizmgrazm2's ghost is almost destroyed.
You closely miss grizmgrazm2's ghost.
Grizmgrazm2's ghost is almost destroyed.
Grizmgrazm2's ghost hits you!
You hit grizmgrazm2's ghost but do no damage.
Grizmgrazm2's ghost is almost destroyed.
Grizmgrazm2's ghost barely misses you.
You hit grizmgrazm2's ghost but do no damage.
Grizmgrazm2's ghost is almost destroyed.
Grizmgrazm2's ghost hits you!
* * * LOW HITPOINT WARNING * * *
You hit grizmgrazm2's ghost but do no damage.
Grizmgrazm2's ghost is almost destroyed.
Grizmgrazm2's ghost hits you but does no damage.
You hit grizmgrazm2's ghost but do no damage.
Grizmgrazm2's ghost is almost destroyed.
Grizmgrazm2's ghost hits you but does no damage.
You hit grizmgrazm2's ghost but do no damage.
Grizmgrazm2's ghost is almost destroyed.
Grizmgrazm2's ghost hits you but does no damage.
You hit grizmgrazm2's ghost but do no damage.
Grizmgrazm2's ghost is almost destroyed.
Grizmgrazm2's ghost hits you!
You die...

#....s..............
##.#################
#.# ........# #.#
......... #.#
........# ##.##
........# #..s#
........# ###W#
......... #@#
......... ###
......... .........
......... .........
.####.... #....
#.... #....


You could see a scorpion and grizmgrazm2's ghost.

Vanquished Creatures
  The ghost of sankara the Ruffian, an amateur MiTm (D:3)
  A phantom (D:4)
  A scorpion (D:4)
  A crimson imp (D:3)
  Jessica (D:2)
  6 adders
  An ooze (D:1)
  A worm (D:2)
  A dart slug (D:1)
  5 leopard geckos
  4 orcs (D:2)
  5 giant cockroaches
  9 hobgoblins
  4 jackals (D:3)
  2 quokkas
  A ball python (D:3)
  5 bats
  7 frilled lizards
  7 goblins
  6 kobolds
  9 rats
78 creatures vanquished.

Notes
Turn   | Place    | Note
-------+----------+-------------------------------------------
     0 | D:1      | sankara the Ghoul Monk began the quest for the Orb.
     0 | D:1      | Reached XP level 1. HP: 19/19 MP: 0/0
   145 | D:1      | Reached XP level 2. HP: 26/26 MP: 1/1
   203 | D:1      | Found an iron altar of Okawaru.
   217 | D:1      | Became a worshipper of Warmaster Okawaru
   217 | D:1      | Reached * piety under Okawaru
   217 | D:1      | Reached ** piety under Okawaru
   489 | D:1      | Reached XP level 3. HP: 29/33 MP: 2/2
   634 | D:1      | Reached skill level 3 in Stealth
   739 | D:2      | Noticed Sigmund
   840 | D:2      | Noticed Jessica
   862 | D:2      | Killed Jessica
   862 | D:2      | Reached skill level 4 in Fighting
   862 | D:2      | Reached skill level 4 in Unarmed Combat
   862 | D:2      | Reached XP level 4. HP: 37/40 MP: 3/3
   916 | D:2      | Reached skill level 1 in Armour
  1461 | D:3      | Reached skill level 2 in Armour
  1461 | D:3      | Reached XP level 5. HP: 45/46 MP: 4/4
  1483 | D:3      | Found a sacrificial altar of Ru.
  1668 | D:3      | Reached skill level 5 in Unarmed Combat
  1724 | D:3      | Noticed sankara's ghost (amateur MiTm)
  1784 | D:3      | Killed sankara's ghost
  1784 | D:3      | Reached skill level 6 in Unarmed Combat
  1784 | D:3      | Reached XP level 6. HP: 25/52 MP: 3/5
  2010 | D:3      | Found an opulent altar of Gozag.
  2158 | D:3      | Found a deep blue altar of Sif Muna.
  2234 | D:4      | Noticed a phantom
  2260 | D:4      | Killed a phantom
  2260 | D:4      | Reached *** piety under Okawaru
  2289 | D:4      | Reached skill level 7 in Unarmed Combat
  2316 | D:4      | Noticed grizmgrazm2's ghost (weakling MiFi)
  2497 | D:4      | HP: 10/52 [grizmgrazm2's ghost (11)]
  2501 | D:4      | Slain by grizmgrazm2's ghost

Vault maps used:
D:1:      onia_arrival_larder, solitary_fountain, okawaru_ov_weapons_minmay
D:2:      minivault_26, uniq_jessica, uniq_sigmund
D:3:      nicolae_ru_great_annihilating_truth, old_standard_altar, led_sif_pool
D:4:      cheibrodos_greedy_goblins, nicolae_tso_carved_into_rock, first_ration,
          corexii_item_surrounded_by_moat

Skill      XL: |  1  2  3  4  5  6 |
---------------+-------------------+-----
Stealth        | 3 |  3.0
Fighting       | 4 |  4.1
Unarmed Combat | 4 6 7 |  7.1
Armour         | 2 |  2.0
Dodging        | |  2.6

Action                   |  1- 3 |  4- 6 || total
-------------------------+-------+-------++-------
Melee: Unarmed           |   103 |   248 ||   351
       Punch             |       |     3 ||     3
 Fire: Hunting sling     |       |    23 ||    23
Invok: Heroism           |       |     3 ||     3
  Use: Scroll            |     1 |       ||     1
 Stab: Sleeping          |     6 |       ||     6
       Paralysed         |       |     2 ||     2
  Eat: Chunk             |    11 |    16 ||    27
Armor: Robe              |    15 |       ||    15
       Scale mail        |     5 |   123 ||   128
Dodge: Dodged            |    61 |   147 ||   208

Table legend:
 A = Spawn XP
 B = Non-spawn XP
 C = Spawn XP percentage of total XP
 D = Spawn monster count
 E = Non-spawn monster count
 F = Spawn count percentage of total count
 G = Total turns spent on level
                    A         B        C        D         E        F      G
               +---------+---------+-------+---------+---------+-------+---------
         Total |       0 |     596 |   0.0 |       0 |      78 |   0.0 |  2501
               +---------+---------+-------+---------+---------+-------+---------
           D:1 |       0 |      52 |   0.0 |       0 |      27 |   0.0 |   724
           D:2 |       0 |     108 |   0.0 |       0 |      18 |   0.0 |   612
           D:3 |       0 |     248 |   0.0 |       0 |      30 |   0.0 |   981
           D:4 |       0 |     188 |   0.0 |       0 |       3 |   0.0 |   184
               +---------+---------+-------+---------+---------+-------+---------

Vault maps used:
D:1:      onia_arrival_larder, solitary_fountain, okawaru_ov_weapons_minmay
D:2:      minivault_26, uniq_jessica, uniq_sigmund
D:3:      nicolae_ru_great_annihilating_truth, old_standard_altar, led_sif_pool
D:4:      cheibrodos_greedy_goblins, nicolae_tso_carved_into_rock, first_ration,
          corexii_item_surrounded_by_moat

Table legend:
 A = Turns spent in this place as a percentage of turns spent in the entire game.
 B = Non-inter-level travel turns spent in this place as a percentage of non-inter-level travel turns spent in the entire game.
 C = Inter-level travel turns spent in this place as a percentage of turns spent in this place.
 D = Turns resting spent in this place as a percentage of non-inter-level travel turns spent in this place.
 E = Turns spent auto-exploring this place as a percentage of non-inter-level travel turns spent in this place.
 F = Non-inter-level travel turns spent in this place divided by the number of levels of this place that you've seen.
                   A       B       C       D       E      F
               +-------+-------+-------+-------+-------+----------------------
         Total | 100.0 | 100.0 |   2.6 |  15.2 |  42.3 | 608.8
       Dungeon | 100.0 | 100.0 |   2.6 |  15.2 |  42.3 | 608.8
               +-------+-------+-------+-------+-------+----------------------

Table legend:
 A = Kills in this place as a percentage of kills in entire the game.
 B = Kills by you in this place as a percentage of kills by you in the entire game.
 C = Kills by friends in this place as a percentage of kills by friends in the entire game.
 D = Other kills in this place as a percentage of other kills in the entire game.
 E = Experience gained in this place as a percentage of experience gained in the entire game.
 F = Experience gained in this place divided by the number of levels of this place that you have seen.
                   A       B       C       D       E      F
               +-------+-------+-------+-------+-------+----------------------
         Total | 100.0 | 100.0 |   N/A |   N/A | 100.0 | 149.0
       Dungeon | 100.0 | 100.0 |   N/A |   N/A | 100.0 | 149.0
               +-------+-------+-------+-------+-------+----------------------
